 Dungeon Crawl Stone Soup version 0.19-a0-994-g3c636f0 (webtiles) character file.

126 Ijustatesigmund the Cudgeler (level 4, -8/35 HPs)
             Began as a Demonspawn Fighter on July 15, 2016.
             Killed from afar by Sigmund (9 damage)
             ... with a puff of flame
             ... on level 2 of the Dungeon.
             The game lasted 00:02:47 (1216 turns).

Ijustatesigmund the Cudgeler (Demonspawn Fighter)   Turns: 1216, Time: 00:02:47

Health: -8/35      AC:  6    Str: 21    XL:     4   Next: 83%
Magic:  4/4        EV: 12    Int:  9    God:
Gold:   17         SH: 10    Dex: 19    Spells: 0 memorised, 3 levels left

rFire  . . .     SeeInvis .     a - +0 flail
rCold  + . .     Gourm    .     b - +0 scale mail
rNeg   . . .     Faith    .     c - +0 shield
rPois  .         Spirit   .     (no helmet)
rElec  .         Dismiss  .     (no cloak)
rCorr  .         Reflect  .     (no gloves)
SustAt .         Harm     .     (no boots)
MR     .....                    (no amulet)
Stlth  +++.......               (no ring)
                                (no ring)

@: mighty, agile, not resistant to hostile enchantments, fairly stealthy
A: cold resistance 1, nightstalker 2
a: no special abilities


You were on level 2 of the Dungeon.
You were not hungry.

You visited 1 branch of the dungeon, and saw 2 of its levels.

You collected 17 gold pieces.

Inventory:

Hand Weapons
 a - a +0 flail (weapon)
Armour
 b - a +0 scale mail (worn)
 c - a +0 shield (worn)
Wands
 h - a wand of hasting (0/9)
Scrolls
 e - a scroll of fear {unknown}
 g - 2 scrolls of identify
Potions
 d - a potion of might
 j - a potion of mutation
Comestibles
 f - a bread ration


   Skills:
 - Level 3.0 Fighting
 + Level 4.6 Maces & Flails
 - Level 2.6 Armour
 - Level 2.6 Shields


You had 3 spell levels left.
You didn't know any spells.

Dungeon Overview and Level Annotations

Branches:
Dungeon (2/15)

Altars:
Cheibriados

Annotations:
D:2 Sigmund


Innate Abilities, Weirdness & Mutations

Your flesh is cold resistant. (rC+)
You are significantly more attuned to the shadows.


Message History

Okay, then.
Okay, then.
Things that are here:
a wand of hasting {empty}; the felid corpse of Natasha; a rat corpse
h - a wand of hasting {empty} Something hits you but does no damage.
Evoke which item? (* to show all) (? for menu, Esc to quit)
Okay, then.
Something hits you!
* * * LOW HITPOINT WARNING * * *
Things that are here:
a club; a scroll labeled TEXTUSM GACEAS; a sling bullet
Things that are here:
a dagger; a kobold corpse; a ball python corpse You block something's attack.
You swing at nothing.
You hear some strange, mumbled words.
A puff of flame appears from out of thin air!
The puff of flame hits you!
You die...

##...#### #.....#*,*****,,,,,,
#.....## *##....,,,,,,,,,,,,,
#.##...######.....,,,,,,,,,,**
#,#........##.....,,,,,,,,,,**
*,#....###'##.#....*****,,,,**
*,#.........#...#..**,,,,,,,**
**,#.........))#....**,,,******
*,....#.....†#)..#,,**,,,,,,,**
*,#.#........#@#....,,,,,,,,,,,
**,...............#.#****,,,,,**
*,,*,#...<......#...# *,,,,,,,,*
*,,,,,,,......#...#.# *,,,,,,,,*
*,*,*,,,......#.#..,# *,,,,,,*.#
*,,,*,,,,,.......,#.* *,,,,,,*,.
***,,,,,,,,,,,,,*,,,* *,,,,***##
***,,,,,,,,,,,,,,,***,,,,,,,..
*,,,,,,,,,***,,,,,,,,,,**###


There were no monsters in sight!

Vanquished Creatures
  Natasha (thrice) (D:2)
  An ooze (D:2)
  A worm (D:2)
  2 dart slugs (D:1)
  A giant gecko (D:1)
  4 bats
  2 giant cockroaches
  4 goblins
  6 hobgoblins
  2 ball pythons (D:2)
  3 giant newts (D:1)
  8 kobolds
  5 rats
42 creatures vanquished.

Notes
Turn   | Place    | Note
-------+----------+-------------------------------------------
     0 | D:1      | Ijustatesigmund the Demonspawn Fighter began the quest for the Orb.
     0 | D:1      | Reached XP level 1. HP: 18/18 MP: 1/1
    68 | D:1      | Reached skill level 2 in Maces & Flails
   137 | D:1      | Gained mutation: You are slightly more attuned to the shadows. [demonic ancestry]
   137 | D:1      | Reached XP level 2. HP: 14/24 MP: 2/2
   451 | D:1      | Reached skill level 3 in Maces & Flails
   659 | D:1      | Gained mutation: Your flesh is cold resistant. (rC+) [demonic ancestry]
   659 | D:1      | Reached XP level 3. HP: 29/29 MP: 3/3
   733 | D:2      | Noticed Natasha
   739 | D:2      | Killed Natasha
   759 | D:2      | Noticed Natasha
   763 | D:2      | Killed Natasha
   763 | D:2      | Reached skill level 4 in Maces & Flails
   763 | D:2      | Gained mutation: You are significantly more attuned to the shadows. [demonic ancestry]
   763 | D:2      | Reached XP level 4. HP: 18/35 MP: 4/4
  1068 | D:2      | Found a snail-covered altar of Cheibriados.
  1196 | D:2      | Noticed Sigmund
  1200 | D:2      | Noticed Natasha
  1208 | D:2      | Killed Natasha
  1213 | D:2      | HP: 1/35 [something (7)]
  1216 | D:2      | Killed from afar by Sigmund

Vault maps used:
D:1:      elethiomel_arrival_maze
D:2:      cheibriados_altar_1, serial_glass, glass_columns_a, glass_columns_c,
          minmay_misc_feat_pillars, uniq_sigmund, uniq_natasha, uniq_jessica

Skill      XL: |  1  2  3 |
---------------+----------+-----
Maces & Flails | 2 3 4 |  4.6
Fighting       | |  3.0
Armour         | |  2.6
Shields        | |  2.6

Action                   |  1- 3 |  4- 6 || total
-------------------------+-------+-------++-------
Melee: Flail             |   103 |    54 ||   157
  Use: Scroll            |       |     5 ||     5
       Potion            |       |     2 ||     2
 Stab: Sleeping          |       |     2 ||     2
  Eat: Chunk             |       |     1 ||     1
Armor: Scale mail        |    41 |    36 ||    77
Dodge: Dodged            |    27 |    31 ||    58
Block: Shield            |    46 |    29 ||    75
